 Dungeon Crawl Stone Soup version 0.24.0-1-gfbc8707122 (webtiles) character file.

Game seed: 8384711586658672839, levelgen mode: deterministic

273 theswoord the Cudgeler (level 6, 0/70 HPs)
             Began as a Demonspawn Abyssal Knight on Oct 28, 2019.
             Was a Believer of Lugonu.
             Slain by an orc wizard
             ... wielding a +0 dagger
              (3 damage)
             ... on level 4 of the Dungeon.
             The game lasted 00:05:08 (3077 turns).

theswoord the Cudgeler (Demonspawn Abyssal Knight)  Turns: 3077, Time: 00:05:09

Health: 0/70       AC: 23    Str: 10 (13) XL:     6   Next: 3%
Magic:  7/7        EV:  2    Int: 11 (14) God:    Lugonu [**....]
Gold:   140        SH:  0    Dex: 12 (13) Spells: 5/5 levels left

rFire    . . .     SeeInvis .   a - +2 mace
rCold    . . .     Gourm    .   (no shield)
rNeg     + + +     Faith    .   (armour currently unavailable)
rPois    +         Spirit   .   (helmet currently unavailable)
rElec    .         Reflect  .   (cloak currently unavailable)
rCorr    .         Harm     .   (gloves currently unavailable)
MR       .....     NoTele   +   (boots currently unavailable)
Stlth    ++........             (no amulet)
HPRegen  0.21/turn              t - ring of poison resistance
MPRegen  0.10/turn              (no ring)

@: tree-form
A: nightstalker 1
a: Depart the Abyss, Bend Space, Renounce Religion


You were on level 4 of the Dungeon.
You worshipped Lugonu.
Lugonu was pleased with you.
You were not hungry.
You were a tree.
You visited 1 branch of the dungeon, and saw 4 of its levels.
You visited the Abyss 1 time.

You collected 140 gold pieces.

Inventory:

Hand Weapons
 a - a +2 mace (weapon)
Armour
 b - a +0 leather armour
 e - a +0 chain mail (melded)
 k - a +1 pair of gloves (melded)
Jewellery
 t - a ring of poison resistance (left branch)
Scrolls
 f - a scroll of magic mapping
 j - a scroll of remove curse
 m - a scroll of enchant weapon
Potions
 g - a potion of lignification
 o - a potion of flight
Comestibles
 c - 4 rations
 d - 2 chunks of flesh


   Skills:
 - Level 3.0 Fighting
 + Level 5.8 Maces & Flails
 - Level 1.7 Armour
 - Level 0.8 Dodging
 - Level 2.4 Invocations


You had 5 spell levels left.
You didn't know any spells.
Your spell library was empty.

Dungeon Overview and Level Annotations

Branches:
Dungeon (4/15)
 Temple: D:4-7

Altars:
Ashenzari
Hepliaklqana
Nemelex Xobeh
Okawaru
Ru
Trog
Vehumet
The Shining One


Innate Abilities, Weirdness & Mutations

((You have a pair of small horns on your head.))
((You are mostly covered in slimy green scales. (AC +3)))
You are slightly more attuned to the shadows.


Message History

Your roots penetrate the ground.
The orc wizard hits you but does no damage.
You hit the orc wizard.
The orc wizard is heavily wounded.
The orc wizard hits you but does no damage. x2
You closely miss the orc wizard.
The orc wizard is heavily wounded.
The orc wizard hits you but does no damage. x2
You closely miss the orc wizard.
The orc wizard is heavily wounded.
The orc wizard hits you but does no damage.
You closely miss the orc wizard.
The orc wizard is heavily wounded.
The orc wizard completely misses you.
The orc wizard hits you but does no damage.
You closely miss the orc wizard.
The orc wizard is heavily wounded.
The orc wizard barely misses you.
The orc wizard hits you with a +0 dagger.
You die...

.. ###.##.##. ##
#.......#...##.#
....o...#.#....#
#....o..#...#####.#
##...o...##........#
#.....o..##.########
#........##.#
#.##.#.# #.#
#.w....#######♣#
#...........##o#
#.......o..o.wo#
.........##.####
#........##.#
#........##.#
#........##.#
#...........#
###.##...###


You could see an orc wizard, a dart slug and an orc.

Vanquished Creatures
  An orc priest (D:4)
  An orc wizard (D:4)
  Natasha (thrice) (D:3)
  A worker ant (D:4)
  A hound skeleton (D:4)
  4 adders
  2 oozes (D:3)
  3 dart slugs
  A leopard gecko (D:2)
  An orc (D:4)
  A ball python (D:1)
  2 giant cockroaches
  8 goblins
  6 hobgoblins
  3 quokkas (D:2)
  9 bats
  5 frilled lizards
  5 kobolds
  A leopard gecko skeleton (D:4)
  6 rats
64 creatures vanquished.

Notes
Turn   | Place    | Note
-------+----------+-------------------------------------------
     0 | Abyss:1  | theswoord the Demonspawn Abyssal Knight began the quest for
                  | the Orb.
     0 | Abyss:1  | Reached XP level 1. HP: 18/18 MP: 2/2
    39 | Abyss:1  | Noticed a balrug
    40 | Abyss:1  | Noticed a chaos spawn
    41 | D:1      | Escaped the Abyss
   228 | D:1      | Reached skill level 2 in Maces & Flails
   450 | D:1      | Gained mutation: You are partially covered in slimy green
                  | scales. (AC +2) [demonic ancestry]
   450 | D:1      | Reached XP level 2. HP: 19/24 MP: 3/3
   633 | D:1      | Reached * piety under Lugonu
   797 | D:1      | Reached skill level 3 in Maces & Flails
  1209 | D:2      | Found a bloodstained altar of Trog.
  1252 | D:2      | Gained mutation: You have a pair of small horns on your
                  | head. [demonic ancestry]
  1252 | D:2      | Reached XP level 3. HP: 28/29 MP: 4/4
  1836 | D:3      | Reached ** piety under Lugonu
  1836 | D:3      | Reached XP level 4. HP: 35/35 MP: 5/5
  1852 | D:3      | Reached skill level 4 in Maces & Flails
  1884 | D:3      | Noticed Natasha
  1890 | D:3      | Killed Natasha
  2009 | D:3      | Found a sacrificial altar of Ru.
  2158 | D:3      | Found a radiant altar of Vehumet.
  2160 | D:3      | Found a hazy altar of Hepliaklqana.
  2161 | D:3      | Found an iron altar of Okawaru.
  2161 | D:3      | Found a glowing golden altar of the Shining One.
  2164 | D:3      | Found a shattered altar of Ashenzari.
  2165 | D:3      | Found a sparkling altar of Nemelex Xobeh.
  2183 | D:3      | Noticed Natasha
  2193 | D:3      | Killed Natasha
  2193 | D:3      | Gained mutation: You are slightly more attuned to the
                  | shadows. [demonic ancestry]
  2193 | D:3      | Reached XP level 5. HP: 34/41 MP: 6/6
  2484 | D:3      | Noticed Natasha
  2508 | D:3      | Killed Natasha
  2508 | D:3      | Reached skill level 5 in Maces & Flails
  3064 | D:4      | Gained mutation: You are mostly covered in slimy green
                  | scales. (AC +3) [demonic ancestry]
  3064 | D:4      | Reached XP level 6. HP: 5/47 MP: 7/7
  3071 | D:4      | HP: 1/47 [orc wizard/+0 dagger (2)]
  3077 | D:4      | Slain by an orc wizard

Skill      XL: |  1  2  3  4  5 |
---------------+----------------+-----
Maces & Flails | 2 3 4 5 |  5.8
Fighting       | |  3.0
Armour         | |  1.7
Dodging        | |  0.8
Invocations    | |  2.4

Action                   |  1- 3 |  4- 6 || total
-------------------------+-------+-------++-------
Melee: Mace              |   131 |   113 ||   244
       Headbutt          |     5 |    21 ||    26
Invok: Depart the Abyss  |     1 |       ||     1
  Use: Scroll            |     9 |     2 ||    11
       Potion            |       |     6 ||     6
  Eat: Chunk             |     3 |     4 ||     7
Armor: Chain mail        |    99 |    74 ||   173
       Leather armour    |     5 |       ||     5
       Skin              |       |     5 ||     5
Dodge: Dodged            |    54 |    31 ||    85

Levels and vault maps discovered:
D:1:      psy_arrival_spokes, layout_basic, minmay_liquid_box,
          wander_ebering_terrifying_dragon_lair
D:2:      layout_loops_ring, bloody_trog
D:3:      layout_basic, nicolae_ru_sacrificial_ziggurat, minitemple,
          first_ration, uniq_natasha
D:4:      layout_loops_cross, minmay_temple_entry_metal_lava
